 Dungeon Crawl Stone Soup version 0.30.1-8-g117510f58f (webtiles) character file.

Game seed: 3152144364546129287

483 emrakul the Chiller (level 7, -4/51 HPs)
             Began as a Gnoll Ice Elementalist on Sept 22, 2023.
             Was a Believer of Okawaru.
             Killed from afar by Dowan (11 damage)
             ... with a stone arrow
             ... on level 4 of the Dungeon.
             The game lasted 00:12:11 (3402 turns).

emrakul the Chiller (Gnoll Ice Elementalist)        Turns: 3402, Time: 00:12:12

Health: -4/51      AC:  2    Str:  8    XL:     7   Next: 12%
Magic:  14/15      EV: 13    Int: 16    God:    Okawaru [**....]
Gold:   164        SH:  0    Dex: 12    Spells: 9/17 levels left

rFire   . . .        k - +1 dagger (venom)
rCold   . . .        (no shield)
rNeg    . . .        a - +0 robe
rPois   .            (no helmet)
rElec   .            (no cloak)
rCorr   .            (no gloves)
SInv    .            (no boots)
Will    .....        (no amulet)
Stlth   +++          (no ring)
HPRegen 0.28/turn    (no ring)
MPRegen 0.14/turn

%: no passive effects
@: no status effects
A: fangs 1, strong nose, distributed training
a: Renounce Religion, Heroism


You were on level 4 of the Dungeon.
You worshipped Okawaru.
Okawaru was pleased with you.
You visited 1 branch of the dungeon, and saw 4 of its levels.

You collected 164 gold pieces.

Inventory:

Hand Weapons
 k - a +1 dagger of venom (weapon)
 m - a +4 quarterstaff of chaos
Armour
 a - a +0 robe (worn)
Wands
 o - a wand of polymorph (8)
Scrolls
 d - a scroll of enchant weapon
 e - 3 scrolls of teleportation
 f - 2 scrolls of blinking
 r - a scroll of summoning
Potions
 b - 4 potions of haste
 g - 4 potions of curing
 h - a potion of cancellation {unknown}
 l - a potion of might {unknown}
 n - a potion of heal wounds {unknown}
 p - a potion of degeneration {unknown}
 q - 2 potions of attraction {unknown}


   Skills:
 + Level 2.3 Fighting
 + Level 2.3 Short Blades
 + Level 2.3 Long Blades
 + Level 2.3 Axes
 + Level 2.3 Maces & Flails
 + Level 2.3 Polearms
 + Level 2.3 Staves
 + Level 2.3 Ranged Weapons
 + Level 2.3 Throwing
 + Level 2.3 Armour
 + Level 5.2 Dodging
 + Level 4.8 Stealth
 + Level 2.3 Shields
 + Level 2.3 Unarmed Combat
 + Level 5.5 Spellcasting
 + Level 1.9 Conjurations
 + Level 1.9 Hexes
 + Level 1.9 Summonings
 + Level 1.9 Necromancy
 + Level 1.9 Translocations
 + Level 1.9 Transmutations
 + Level 1.9 Fire Magic
 + Level 7.4 Ice Magic
 + Level 1.9 Air Magic
 + Level 1.9 Earth Magic
 + Level 1.9 Poison Magic
 + Level 2.6 Invocations
 + Level 2.3 Evocations


You had 9 spell levels left.
You knew the following spells:

 Your Spells              Type           Power      Damage    Failure   Level
a - Freeze                Ice            100%       1d10      1%          1
b - Frozen Ramparts       Ice            56%        1d9       1%          3
c - Summon Ice Beast      Ice/Summ       19%        N/A       21%         4

Your spell library contained the following spells:

 Spells                   Type           Power      Damage    Failure   Level
 Ozocubu's Armour         Ice            28%        N/A       1%          3
 Apportation              Tloc           20%        N/A       6%          1
 Necrotise                Necr           40%        1d6       6%          1
 Cigotuvi's Dreadful Rot  Necr/Pois/Air  20%        N/A       10%         2
 Ignite Poison            Fire/Tmut/Pois 10%        N/A       19%         3
 Freezing Cloud           Conj/Ice/Air   8%         6-21      63%         5
 Summon Small Mammal      Summ           Unusable   N/A       N/A         1

Dungeon Overview and Level Annotations

Branches:
Dungeon (4/15)
 Temple: D:4-7

Altars:
Nemelex Xobeh
Okawaru
Wu Jian

Annotations:
D:4 Dowan


Innate Abilities, Weirdness & Mutations

You have very sharp teeth.
Your uncanny sense of smell can sniff out nearby items.
Your experience applies equally to all skills.


Message History

a +0 club; a goblin corpse
There is an open door here.
Dowan shouts!
Dowan hits you with a +0 dagger!
You barely miss Dowan.
Dowan is moderately wounded.
Dowan hits you but does no damage.
You hit Dowan but do no damage. Your punch misses Dowan.
Dowan is moderately wounded.
Dowan misses you.
You barely miss Dowan.
Dowan is moderately wounded.
Dowan hits you with a +0 dagger.
You hit Dowan but do no damage.
Dowan is poisoned.
Dowan is moderately wounded.
Dowan hits you with a +0 dagger!
You hit Dowan.
Dowan is heavily wounded.
Dowan hits you with a +0 dagger. Dowan completely misses you.
You miss Dowan.
Dowan is heavily wounded.
Dowan casts a spell at you. The stone arrow hits you!!
You hit Dowan.
Dowan looks as sick as possible!
Dowan is heavily wounded.
Dowan hits you with a +0 dagger.
* * * LOW HITPOINT WARNING * * *
You hit Dowan but do no damage.
Dowan is heavily wounded.
Dowan hits you with a +0 dagger.
* * * LOW HITPOINT WARNING * * *
Dowan hits you but does no damage.
Aiming: Freeze (safe; 1% risk of failure)
Press: ? - help, Q - select action, (/) - cycle Shift-Dir - straight line, f - Dowan
Aim: Dowan, wielding a +0 dagger and wearing a +0 robe (heavily wounded, fast, extremely poisoned)
You freeze Dowan.
Dowan is severely wounded.
Dowan points at you and mumbles some strange words.
The stone arrow hits you!
You die...

#.#.....####.#
#.##..........
#.##..#.##....
#...........#.
##<....####....
#####..###.........
#).....# ###.......
##'###### #.......
#..@# #.......
#..e...8# #.......
#.8.#...# ######.##
... ..# #._. .#
#... # #####


You could see Dowan (fast, extremely poisoned).

Vanquished Creatures
  Duvessa (D:4)
  An ogre (D:4)
  An orc priest (D:4)
  A hound (D:4)
  Crazy Yiuf (D:2)
  An iguana (D:4)
  2 orc wizards
  An ufetubus (D:4)
  A dart slug (D:4)
  17 orcs
  5 ball pythons
  6 endoplasms
  12 giant cockroaches
  8 goblins
  9 hobgoblins
  13 jackals
  7 kobolds
  4 quokkas
  7 bats
  6 frilled lizards
  8 rats
112 creatures vanquished.

Notes
Turn   | Place    | Note
-------+----------+-------------------------------------------
     0 | D:1      | emrakul the Gnoll Ice Elementalist began the quest for the
                  | Orb.
     0 | D:1      | Reached XP level 1. HP: 13/13 MP: 6/6
   189 | D:1      | Reached XP level 2. HP: 19/19 MP: 4/7
   776 | D:1      | Reached skill level 5 in Spellcasting
   776 | D:1      | Reached XP level 3. HP: 24/25 MP: 5/9
   977 | D:2      | Learned a level 3 spell: Frozen Ramparts
  1003 | D:2      | Reached skill level 1 in Fighting
  1003 | D:2      | Reached skill level 1 in Short Blades
  1003 | D:2      | Reached skill level 1 in Long Blades
  1003 | D:2      | Reached skill level 1 in Axes
  1003 | D:2      | Reached skill level 1 in Maces & Flails
  1003 | D:2      | Reached skill level 1 in Polearms
  1003 | D:2      | Reached skill level 1 in Staves
  1003 | D:2      | Reached skill level 1 in Ranged Weapons
  1003 | D:2      | Reached skill level 1 in Throwing
  1003 | D:2      | Reached skill level 1 in Armour
  1003 | D:2      | Reached skill level 1 in Shields
  1003 | D:2      | Reached skill level 1 in Unarmed Combat
  1003 | D:2      | Reached skill level 1 in Invocations
  1003 | D:2      | Reached skill level 1 in Evocations
  1003 | D:2      | Reached XP level 4. HP: 7/32 MP: 7/11
  1119 | D:2      | Learned a level 4 spell: Summon Ice Beast
  1205 | D:2      | Found a sparkling altar of Nemelex Xobeh.
  1414 | D:2      | Reached skill level 1 in Conjurations
  1414 | D:2      | Reached skill level 1 in Hexes
  1414 | D:2      | Reached skill level 1 in Summonings
  1414 | D:2      | Reached skill level 1 in Necromancy
  1414 | D:2      | Reached skill level 1 in Translocations
  1414 | D:2      | Reached skill level 1 in Transmutations
  1414 | D:2      | Reached skill level 1 in Fire Magic
  1414 | D:2      | Reached skill level 1 in Air Magic
  1414 | D:2      | Reached skill level 1 in Earth Magic
  1414 | D:2      | Reached skill level 1 in Poison Magic
  1592 | D:2      | Found a runed translucent door.
  1593 | D:2      | Noticed Crazy Yiuf
  1601 | D:2      | Killed Crazy Yiuf
  1843 | D:3      | Found a faded altar of an unknown god.
  1851 | D:3      | Prayed at the altar of an unknown god.
  1851 | D:3      | Became a worshipper of Warmaster Okawaru
  1851 | D:3      | Reached * piety under Okawaru
  1863 | D:3      | Reached XP level 5. HP: 27/37 MP: 5/12
  2730 | D:4      | Reached XP level 6. HP: 33/44 MP: 2/13
  2858 | D:4      | Reached skill level 5 in Dodging
  3242 | D:4      | Noticed Duvessa
  3243 | D:4      | Noticed Dowan
  3248 | D:4      | Killed Duvessa
  3248 | D:4      | Reached ** piety under Okawaru
  3249 | D:4      | Reached XP level 7. HP: 41/51 MP: 7/15
  3388 | D:4      | Found an ornate altar of the Wu Jian Council.
  3402 | D:4      | Killed from afar by Dowan

Illustrated notes

Levels and vault maps discovered:
D:1:      co_arrival_random_square_maze, layout_basic
D:2:      minmay_evil_eye, layout_rooms, basic_altar, uniq_crazy_yiuf_cottage
D:3:      minmay_roachtagon, layout_basic, ebering_ecumenical_altar_sacrificial
D:4:      layout_loops_cross, nicolae_wu_jian_immortal_techniques, serial_glass,
          glass_columns_a, glass_columns_a, uniq_duvessa

Skill      XL: |  1  2  3  4  5  6 |
---------------+-------------------+-----
Spellcasting   | 5 |  5.5
Fighting       | 1 2 |  2.3
Short Blades   | 1 2 |  2.3
Long Blades    | 1 2 |  2.3
Axes           | 1 2 |  2.3
Maces & Flails | 1 2 |  2.3
Polearms       | 1 2 |  2.3
Staves         | 1 2 |  2.3
Ranged Weapons | 1 2 |  2.3
Throwing       | 1 2 |  2.3
Armour         | 1 2 |  2.3
Shields        | 1 2 |  2.3
Unarmed Combat | 1 2 |  2.3
Invocations    | 1 2 |  2.6
Evocations     | 1 2 |  2.3
Conjurations   | 1 |  1.9
Hexes          | 1 |  1.9
Summonings     | 1 |  1.9
Necromancy     | 1 |  1.9
Translocations | 1 |  1.9
Transmutations | 1 |  1.9
Fire Magic     | 1 |  1.9
Air Magic      | 1 |  1.9
Earth Magic    | 1 |  1.9
Poison Magic   | 1 |  1.9
Dodging        | 5 |  5.2
Stealth        | |  4.8
Ice Magic      | |  7.4

Action                     |  1- 3 |  4- 6 |  7- 9 || total
---------------------------+-------+-------+-------++-------
  Melee: Unarmed           |    11 |     1 |       ||    12
         Dagger            |       |   118 |     9 ||   127
         Bite              |       |     8 |       ||     8
         Punch             |       |     1 |       ||     1
   Cast: Freeze            |    32 |    59 |     2 ||    93
         Frozen Ramparts   |     2 |     4 |     1 ||     7
    Use: Potion            |     1 |       |     1 ||     2
         Scroll            |       |     1 |     5 ||     6
   Stab: Sleeping          |       |     5 |     1 ||     6
 Armour: Robe              |     8 |    38 |     2 ||    48
  Dodge: Dodged            |    24 |   185 |     4 ||   213
